 Dungeon Crawl Stone Soup version 0.28-a0-1510-gd0f6b136d3 (webtiles) character file.

Game seed: 9035506496079237688

861 siradein the Skirmisher (level 8, -5/88 HPs)
             Began as a Djinni Berserker on Jan 14, 2022.
             Was a Believer of Trog.
             Slain by a wyvern zombie (6 damage)
             ... on level 6 of the Dungeon.
             The game lasted 00:05:53 (5221 turns).

siradein the Skirmisher (Djinni Berserker)          Turns: 5221, Time: 00:05:54

Health: -5/88      AC:  8    Str: 18    XL:     8   Next: 22%
Gold:   182        EV: 13    Int:  8    God:    Trog [**....] SH:  0 Dex: 14

rFire   + + +      SeeInvis .   a - +0 falchion
rCold   x . .      Faith    .   (no shield)
rNeg    . . .      Spirit   .   h - +0 ring mail
rPois   ∞          Reflect  .   l - +0 helmet
rElec   .          Harm     .   (no cloak)
rCorr   .          Rampage  .   k - +0 pair of gloves
Will    .....                   (boots unavailable)
Stlth   ..........              (no amulet)
HPRegen 0.24/turn               g - ring of protection from fire
MPRegen 0.00/turn               (no ring)

@: berserking (expiring), flying, very quick
A: sickness immunity, fire resistance 2, cold vulnerability 1, float, innate
caster, hp casting, extra vitality 1
a: Renounce Religion, Berserk, Trog's Hand


You were on level 6 of the Dungeon.
You worshipped Trog.
Trog was pleased with you.
You visited 1 branch of the dungeon, and saw 6 of its levels.

You collected 202 gold pieces.
You spent 20 gold pieces at shops.

Inventory:

Hand Weapons
 a - a +0 falchion (weapon)
 b - a +1 short sword of draining
Armour
 h - a +0 ring mail (worn)
 k - a +0 pair of gloves (worn)
 l - a +0 helmet (worn)
Jewellery
 g - a ring of protection from fire (left hand)
Scrolls
 d - a scroll of brand weapon
 e - a scroll of enchant weapon
 f - 2 scrolls of fog
 i - a scroll of amnesia
 j - a scroll of fear {unknown}
Potions
 c - 2 potions of heal wounds
 m - a potion of resistance {unknown}


   Skills:
 + Level 5.2 Fighting
 + Level 4.7 Long Blades
 + Level 4.8 Armour
 + Level 5.2 Dodging


You had one spell level left.
You knew the following spells:

 Your Spells              Type           Power      Damage    Failure   Level
a - Animate Skeleton      Necr           0%         N/A       58%         1
b - Passwall              Tmut/Erth      0%         N/A       73%         2
c - Confusing Touch       Hex            0%         N/A       91%         3
Your spell library was empty.

Dungeon Overview and Level Annotations

Branches:
Dungeon (6/15)             Temple (0/1) D:4

Altars:
Qazlal
Yredelemnul

Shops:
D:1 *   D:2 *   D:3 ?

Annotations:
D:4 1 runed translucent door, SirDiesAlot's ghost, amateur HuCA


Innate Abilities, Weirdness & Mutations

You are immune to sickness and miasma.
You are immune to poison.
Your flesh is very heat resistant. (rF++)
You are vulnerable to cold. (rC-)
You float through the air rather than walking.
You learn spells naturally, not from books.
Your magical power is your life essence.
You have superior vitality. (+4 MHP)


Message History

The ogre closely misses you. The wyvern zombie barely misses you.
You hit the ogre.
The ogre is lightly wounded.
The wyvern zombie misses you.
You hit the ogre.
The ogre is moderately wounded.
The ogre hits you with a +0 giant club! The wyvern zombie bites you!
You slash the ogre!
The ogre is severely wounded.
The wyvern zombie completely misses you.
You barely miss the ogre.
The ogre is severely wounded.
The ogre hits you with a +0 giant club!!
The wyvern zombie bites you.
You hit the ogre.
The ogre is almost dead.
The wyvern zombie bites you but does no damage.
The ogre hits you with a +0 giant club!!
* * * LOW HITPOINT WARNING * * *
You slash the ogre!
You kill the ogre!
Trog accepts your kill. The wyvern zombie bites you.
* * * LOW HITPOINT WARNING * * *
You slash the wyvern zombie!
The wyvern zombie is moderately damaged.
The wyvern zombie bites you but does no damage.
You slash the wyvern zombie!
The wyvern zombie is heavily damaged.
You slash the wyvern zombie!
The wyvern zombie is severely damaged.
The wyvern zombie bites you!
* * * LOW HITPOINT WARNING * * *
You barely miss the wyvern zombie.
The wyvern zombie is severely damaged.
The wyvern zombie barely misses you.
You barely miss the wyvern zombie.
The wyvern zombie is severely damaged.
The wyvern zombie bites you.
You die...

.## ..#
########..
#......#.
#.......#
#.......##
#....Z.).#
#.....@..#
###.....##
#######


You could see a wyvern zombie.

Vanquished Creatures
  2 ogres
  A necrophage (D:5)
  2 phantoms
  2 scorpions
  4 hounds
  A jelly (D:5)
  An orc wizard (D:3)
  A hound skeleton (D:5)
  A howler monkey zombie (D:5)
  3 adders
  A gnoll (D:3)
  2 worms
  2 dart slugs
  8 orcs
  6 ball pythons
  2 bats
  11 endoplasms
  2 giant cockroaches (D:3)
  7 hobgoblins
  7 jackals
  6 kobolds
  2 quokkas
  3 frilled lizards
  7 goblins
  5 rats
89 creatures vanquished.

Notes
Turn   | Place    | Note
-------+----------+-------------------------------------------
     0 | D:1      | siradein the Djinni Berserker began the quest for the Orb.
     0 | D:1      | Reached XP level 1. HP: 20/20 MP: 0/0
   139 | D:1      | Reached XP level 2. HP: 18/25 MP: 0/0
   320 | D:1      | Found a faded altar of an unknown god.
   777 | D:1      | Found Nuggeita's Assorted Antiques.
  1145 | D:1      | Reached XP level 3. HP: 9/30 MP: 0/0
  1145 | D:1      | Learned a level 1 spell: Animate Skeleton
  1622 | D:2      | Found Paredoem's General Store.
  1626 | D:2      | Bought a scroll of identify for 20 gold pieces
  2212 | D:2      | Noticed a scorpion
  2220 | D:2      | Killed a scorpion
  2221 | D:2      | Reached XP level 4. HP: 37/37 MP: 0/0
  2221 | D:2      | Reached XP level 5. HP: 41/41 MP: 0/0
  2221 | D:2      | Learned a level 2 spell: Passwall
  2574 | D:3      | You are sucked into a shaft and drop 1 floor!
  2641 | D:3      | Reached ** piety under Trog
  2793 | D:3      | Found Hoohed's Magic Scroll Shop.
  2995 | D:3      | Reached XP level 6. HP: 28/47 MP: 0/0
  3792 | D:4      | Found a staircase to the Ecumenical Temple.
  3885 | D:4      | Found a runed translucent door.
  3885 | D:4      | Noticed SirDiesAlot's ghost (amateur HuCA)
  4159 | D:5      | Entered Level 5 of the Dungeon
  4168 | D:5      | Noticed a necrophage
  4179 | D:5      | Killed a necrophage
  4180 | D:5      | Reached XP level 7. HP: 36/53 MP: 0/0
  4180 | D:5      | Learned a level 3 spell: Confusing Touch
  4596 | D:5      | Found a basalt altar of Yredelemnul.
  4747 | D:5      | Reached skill level 5 in Fighting
  4747 | D:5      | Reached XP level 8. HP: 24/59 MP: 0/0
  4966 | D:5      | Found a stormy altar of Qazlal.
  5162 | D:5      | Reached skill level 5 in Dodging
  5219 | D:6      | HP: 1/88 [wyvern zombie (9)]
  5221 | D:6      | Slain by a wyvern zombie

Illustrated notes

Levels and vault maps discovered:
D:1:      saegor_arrival_miasma, layout_loops_ring,
          hellmonk_ecumenical_altar_heavens_door, serial_shops, shop
D:2:      layout_loops_corners, serial_shops, nicolae_shop_stone
D:3:      layout_basic, serial_shops, nicolae_diamond_shop, cheibrodos_gnoll_hut
D:4:      layout_cave_pools, minmay_temple_entry_glass,
          hellmonk_ghost_happy_afterlife
D:5:      layout_basic, mainiacjoe_overflow_paths, mainiacjoe_overflow_boulevard
D:6:      layout_cave_pods

Skill      XL: |  1  2  3  4  5  6  7  8 |
---------------+-------------------------+-----
Long Blades    | 3 4 |  4.7
Armour         | 3 4 |  4.8
Dodging        | 3 4 5 |  5.2
Fighting       | 4 5 |  5.2

Action                   |  1- 3 |  4- 6 |  7- 9 || total
-------------------------+-------+-------+-------++-------
Melee: Falchion          |    97 |    55 |    96 ||   248
       Punch             |     1 |     7 |     1 ||     9
       Short sword       |       |    98 |       ||    98
Invok: Berserk           |     2 |     2 |     2 ||     6
       Trog's Hand       |       |     1 |       ||     1
  Use: Scroll            |     1 |     3 |     1 ||     5
 Stab: Sleeping          |     1 |       |       ||     1
Armor: Animal skin       |    13 |       |       ||    13
       Ring mail         |     9 |    46 |    29 ||    84
Dodge: Dodged            |    55 |   101 |    59 ||   215

Table legend: (Time is in decaauts)
 A = Elapsed time spent in this place.
 B = Non-inter-level travel time spent in this place.
 C = Inter-level travel time spent in this place.
 D = Time resting spent in this place.
 E = Time spent auto-exploring this place.
 F = Levels seen in this place.
 G = Mean time per level.
                   A        B        C        D        E       F      G
               +--------+--------+--------+--------+--------+-----+--------+
         Total |   5294 |   5043 |    251 |    294 |   3994 |   6 |  882.3 |
       Dungeon |   5294 |   5043 |    251 |    294 |   3994 |   6 |  882.3 |
               +--------+--------+--------+--------+--------+-----+--------+

Top non-repeatable levels by time:
     D:1: 1370 daAuts
     D:2: 1208 daAuts
     D:3: 1027 daAuts
     D:5: 976 daAuts
     D:4: 691 daAuts
     D:6: 20 daAuts
